 BcadrenCrawl: Boulder Brew version 0.03.3.1-31-gd4c2611de9 (webtiles) character file.

Game seed: 2500819076979987575, levelgen mode: deterministic

13333 Chiseanne the Nimble (level 12, -5/88 HPs) Goblin Demonspawn. Began on Mar 18, 2021. Was an Initiate of Gozag Ym Sagoz. Killed from afar by a gargoyle (13 damage) ... with a stone arrow ... on level 6 of the Dungeon. The game lasted 00:34:48 (6551 turns).

Chiseanne the Nimble (Goblin Demonspawn)            Turns: 6551, Time: 00:34:49

Health: -5/88      AC: 15    Str:  8    XL:     12 ^: 7846
Magic:  22/22      EV: 17    Int:  6    God:    Gozag Ym Sagoz
Gold:   521        SH:  0    Dex:  6    Spells: 21/30 levels left

rFire    . . .     Vision   .   a - +4 rapier (protect)
rCold    . . .     Gourm    .   h - +4 short sword (speed)
rNeg     . . .     Faith    .   b - +0 leather armour
rPois    +         Spirit   .   r - +2 hat {MR+}
rElec    .         Reflect  .   (no cloak)
rCorr    .         Harm     .   (no gloves)
MR       +....                  j - +0 pair of boots
Stlth    +.........             (no amulet)
HPRegen  0.39/turn              v - ring of poison resistance
MPRegen  0.32/turn              p - ring of wizardry

@: gold aura, studying Slings
A: small, stagnant stats, goblin's greed, hooves 1, iridescent scales 3, demonic
guardian 1, low mp 1, mutation resistance 1, powered by death 2, god's pity 2
a: Potion Petition, Call Merchant, Bribe Branch, Renounce Religion


You were on level 6 of the Dungeon.
You worshipped Gozag Ym Sagoz.
Gozag Ym Sagoz was pleased with you.
You were full.

You visited 2 branches of the dungeon, and saw 8 of its levels.

You collected 1711 gold pieces.
You spent 240 gold pieces at shops.
You paid 1291 gold pieces to Gozag.

Inventory:

Weapons
 a - a +4 rapier of protection (weapon)
 h - a +4 short sword of speed (weapon)
 t - a +1 dagger of caustic ooze
 w - the +7 shortbow of Mots {freeze, Dex+2}
   (You bought it in a shop on level 6 of the Dungeon)

   It causes projectiles fired from it to freeze those they strike, causing
   extra injury to most foes and up to half again as much damage against
   particularly susceptible opponents.
   They can also slow down cold-blooded creatures.
   It affects your dexterity (+2).
 z - a +5 short sword
 E - a +0 whip of venom
Armour
 b - a +0 leather armour (worn)
 e - a +0 helmet
 j - a +0 pair of boots (worn)
 r - a +2 hat of magic resistance (worn)
Jewellery
 p - a ring of wizardry (right hand)
 q - a cursed amulet of harm {(Curse: Int-3)}
 v - a ring of poison resistance (left hand)
 x - a cursed ring of wizardry {(Curse: rC-)}
 D - an uncursed ring of stealth
Wands
 g - a wand of ensnaring
 y - a wand of polymorph (1)
Scrolls
 i - 3 scrolls of fear
 k - 2 scrolls of blinking
 m - a scroll of amnesia
 A - a scroll of holy word
 C - 2 scrolls of immolation
 G - a scroll of teleportation
Potions
 c - 2 potions of curing
 f - a potion of ambrosia
 n - a potion of invisibility
 o - a potion of berserk rage
 s - 3 potions of cure mutation
 B - a potion of lignification
 F - a potion of cancellation
Miscellaneous
 l - a lightning rod (inert)
Comestibles
 d - 9 rations


   Skills:
 - Level 10.4 Fighting
 - Level 2.6 Short Blades
 * Level 13.1 Dodging
 - Level 2.6 Stealth
 * Level 9.5 Spellcasting
 * Level 3.4 Translocations
 - Level 6.4 Fire Magic
 - Level 6.7 Air Magic
 - Level 6.6 Poison Magic
   Level 4.0 Invocations


You had 21 spell levels left.
You knew the following spells:

 Your Spells              Type           Power        Failure   Level  Hunger
a - Flame Tongue          Fire           10 (30)      1%          1    None
b - Conjure Flame         Fire           10 (100)     1%          3    ###....
c - Blink                 Tloc           N/A          3%          2    ##.....
d - Mephitic Cloud        Pois/Air       10 (100)     1%          3    ###....

Your spell library contained the following spells:

 Spells                   Type           Power        Failure   Level  Hunger
 Shroud of Golubria       Chrm/Tloc      4 (200)      7%          2    ##.....
 Infusion                 Chrm           2 (25)       9%          1    None
 Call Imp                 Summ           2 (100)      14%         2    ##.....
 Slow                     Hex            2 (100)      14%         2    ##.....
 Song of Slaying          Chrm           2 (100)      14%         2    ##.....
 Regeneration             Chrm/Necr      2 (200)      26%         3    ###....
 Spectral Weapon          Chrm/Summ      2 (100)      26%         3    ###....


Dungeon Overview and Level Annotations

Branches:
Dungeon (7/8)              Temple (1/1) D:4            Lair (0/6) D:5
    Orc (0/2) D:6
 Vaults: D:7

Altars:
Dithmenos
Elyvilon
Gozag Ym Sagoz
Hepliaklqana
Makhleb
Nemelex Xobeh
Okawaru
Qazlal
Uskayaw
Vehumet
Xom
Yredelemnul
Zin
The Shining One

Shops:
D:5 (   D:6 ((

Annotations:
D:3 doomedcactus's ghost, novice FaIE


Innate Abilities, Weirdness & Mutations

Your stats never grow through leveling.
Your goblin ancestry allows you to find more gold. (+20%)
You are small and have problems with some larger weapons.
You have large cloven feet.
You are completely covered in iridescent scales. (AC +6)
A weak demonic guardian rushes to your aid.
Your magical capacity is low. (-10% MP)
You are somewhat resistant to further mutation.
You regenerate health from kills.
The pity of the gods increases the power of your passive and invoked divine abilities.


Message History

Your quasit claws the gargoyle but does no damage. x2
The gargoyle hits your quasit with a +0 flail (16)!
Your quasit dies!
There is an open door here.
Evoke which item? (* to show all) (? for menu, Esc to quit)
Okay, then.
Okay, then.
You start waiting.
The gargoyle is too close now for your liking.
The gargoyle hurls a stone arrow at you.
The stone arrow hits you (16)!
* * * LOW HITPOINT WARNING * * *
You barely miss the gargoyle. You hit the gargoyle (4).
The gargoyle hits you with a +0 flail (6).
* * * LOW HITPOINT WARNING * * *
You hit the gargoyle but do no damage. You barely miss the gargoyle.
The gargoyle hurls a stone arrow at you.
The stone arrow hits you (13)!
You die...
Your body crumbles into a pile of gold.

#.# #.## #.# #.# #.##
##.# #..# #..#
#####'#### ##'######
.........### #.......#
>........$.# ###.#.###
.).......#9### #...#.#.#
.........#...###@#####.#
############...95......#
#####.####### #.......#
#####'### #....#
##.##### #......#
#......#


You could see a gargoyle and a friendly quasit.

Vanquished Creatures
  4 unseen horrors
  A tengu warrior (D:7)
  A two-headed ogre (D:5)
  A manticore (D:6)
  A gargoyle (D:6)
  Joseph (D:5)
  An ugly thing (D:6)
  4 trolls
  A merfolk (D:4)
  A komodo dragon (D:7)
  4 wyverns
  A hippogriff (D:6)
  2 yaks (D:6)
  A vampire mosquito (D:6)
  A wolf spider zombie (D:7)
  2 soldier ants (D:6)
  5 orc warriors
  A necrophage (D:6)
  A water moccasin (D:4)
  A black bear (D:5)
  2 ice beasts
  5 ogres
  8 big kobolds
  A crocodile (D:6)
  10 bullfrogs
  3 centaurs
  4 howler monkeys (D:5)
  6 killer bees (D:5)
  2 quasits
  2 wights (D:6)
  A hornet zombie (D:7)
  3 crimson imps (D:4)
  6 orc priests
  4 hounds
  2 jellies
  12 orc wizards
  An iguana (D:6)
  5 worker ants
  A wyvern zombie (D:3)
  A wyvern skeleton (D:6)
  A water moccasin skeleton (D:3)
  7 giant cockroaches
  3 bullfrog zombies
  4 bullfrog skeletons (D:4)
  3 gnolls (D:3)
  2 shadow imps
  11 adders
  13 sewer rats (D:2)
  12 cinder newts
  5 worms
  2 oozes (D:2)
  8 leopard geckos
  39 orcs
  An adder skeleton (D:3)
  A cinder newt skeleton (D:2)
  6 goblins (D:1)
  4 hobgoblins (D:1)
  10 jackals
  2 quokkas
  A ball python (D:2)
  9 bats
  A bat skeleton (D:2)
  A goblin skeleton (D:2)
  A goblin zombie (D:2)
  39 kobolds
  2 kobold skeletons (D:2)
  2 leopard gecko skeletons (D:3)
  A quokka skeleton (D:2)
  3 rats (D:1)
  4 withered plants (D:2)
312 creatures vanquished.

Vanquished Creatures (collateral kills)
  A vampire (D:6)
  A cyclops (D:6)
  A hippogriff (D:6)
  A jelly (D:6)
  An adder (D:6)
5 creatures vanquished.

Vanquished Creatures (others)
  An unseen horror (D:6)
  A giant cockroach (D:2)
  An adder (D:3)
  An orc (D:3)
  2 bat skeletons (D:2)
  A hobgoblin skeleton (D:2)
  2 kobolds (D:2)
  A rainbow trout (D:4)
  A rat zombie (D:2)
  34 withered plants (D:2)
45 creatures vanquished.

Grand Total: 362 creatures vanquished

Notes
Turn   | Place    | Note
-------+----------+-------------------------------------------
     0 | D:1      | Chiseanne the Goblin Demonspawn began the quest for the
                  | Orb.
     0 | D:1      | Reached XP level 1. HP: 13/13 MP: 2/2
     0 | D:1      | Noticed a spriggan
     0 | D:1      | Noticed a draconian
     2 | D:1      | Noticed an ogre
     4 | D:1      | Noticed a mummy
     6 | D:1      | Noticed a troll
     7 | D:1      | Noticed a gargoyle
     8 | D:1      | Noticed a felid
    13 | D:1      | Noticed a dwarf
    15 | D:1      | Noticed an octopode
    15 | D:1      | Noticed an ogre
    17 | D:1      | Noticed an octopode
    17 | D:1      | Noticed an elf
    19 | D:1      | Noticed a felid
    19 | D:1      | Noticed a dwarf
    21 | D:1      | Noticed an octopode
    62 | D:1      | Gained mutation: You regenerate a little health from kills.
                  | [demonic ancestry]
    62 | D:1      | Reached XP level 2. HP: 15/19 MP: 3/3
   126 | D:1      | Gained mutation: You are partially covered in iridescent
                  | scales. (AC +2) [demonic ancestry]
   126 | D:1      | Reached XP level 3. HP: 25/25 MP: 4/4
   228 | D:1      | Reached skill level 5 in Dodging
   229 | D:1      | Reached XP level 4. HP: 31/31 MP: 5/5
   449 | D:1      | Gained mutation: You regenerate health from kills. [demonic
                  | ancestry]
   449 | D:1      | Reached XP level 5. HP: 37/37 MP: 6/6
   987 | D:2      | Reached skill level 6 in Dodging
   995 | D:2      | Gained mutation: You have large cloven feet. [demonic
                  | ancestry]
   995 | D:2      | Reached XP level 6. HP: 44/44 MP: 7/7
  1022 | D:2      | Reached skill level 5 in Fighting
  1201 | D:2      | Found a burning altar of Makhleb.
  1341 | D:2      | Found a glowing silver altar of Zin.
  1463 | D:2      | Reached skill level 7 in Dodging
  1463 | D:2      | Reached XP level 7. HP: 28/51 MP: 8/8
  1738 | D:2      | your +1 rapier of protection protects you from harm!
  1760 | D:2      | Identified a scroll of acquirement
  1866 | D:2      | Identified the ring "Buclasm" {Int+3 Stlth+} (You acquired
                  | it on level 2 of the Dungeon)
  1981 | D:2      | Reached skill level 8 in Dodging
  1981 | D:2      | Reached XP level 8. HP: 46/60 MP: 8/8
  2151 | D:3      | Noticed doomedcactus's ghost (novice FaIE)
  2158 | D:3      | Found a runed translucent door.
  2300 | D:3      | Reached skill level 9 in Dodging
  2316 | D:3      | Found a stormy altar of Qazlal.
  2398 | D:3      | your +4 rapier of protection protects you from harm!
  2452 | D:3      | your +4 rapier of protection protects you from harm!
  2777 | D:4      | Gained mutation: You are mostly covered in iridescent
                  | scales. (AC +4) [demonic ancestry]
  2777 | D:4      | Reached XP level 9. HP: 31/67 MP: 11/11
  2795 | D:4      | Learned a level 3 spell: Conjure Flame
  3054 | D:4      | Reached skill level 10 in Dodging
  3094 | D:4      | Found a staircase to the Ecumenical Temple.
  3105 | Temple   | Entered the Ecumenical Temple
  3113 | Temple   | Became a worshipper of Gozag Ym Sagoz the Greedy
  3236 | D:4      | Reached skill level 5 in Spellcasting
  3265 | D:4      | your +4 rapier of protection protects you from harm!
  3290 | D:4      | your +4 rapier of protection protects you from harm!
  3314 | D:4      | Noticed a merfolk
  3322 | D:4      | your +4 rapier of protection protects you from harm!
  3333 | D:4      | Killed a merfolk
  3333 | D:4      | Reached skill level 5 in Fire Magic
  3333 | D:4      | Gained mutation: You are completely covered in iridescent
                  | scales. (AC +6) [demonic ancestry]
  3333 | D:4      | Reached XP level 10. HP: 44/76 MP: 13/15
  3461 | D:4      | your +4 rapier of protection protects you from harm!
  3481 | D:4      | Reached skill level 10 in Fighting
  3498 | D:4      | Learned a level 2 spell: Blink
  3502 | D:4      | Learned a level 3 spell: Mephitic Cloud
  3525 | D:5      | Entered Level 5 of the Dungeon
  3768 | D:5      | Found a staircase to the Lair.
  3784 | D:5      | Reached skill level 11 in Dodging
  3870 | D:5      | Reached skill level 1 in Air Magic
  3870 | D:5      | Reached skill level 1 in Poison Magic
  3901 | D:5      | Found a shadowy altar of Dithmenos.
  3937 | D:5      | Noticed Joseph
  3956 | D:5      | Killed Joseph
  3963 | D:5      | Found Jemijixu's Weapon Shop.
  4046 | D:5      | Identified the cursed ring of Wazeotou {MP+9 Str+6 Int-4,
                  | (Curse: Fragile Slay-3)}
  4308 | D:5      | Noticed a two-headed ogre
  4348 | D:5      | Killed a two-headed ogre
  4348 | D:5      | Gained mutation: A weak demonic guardian rushes to your
                  | aid. [demonic ancestry]
  4348 | D:5      | Reached XP level 11. HP: 70/82 MP: 6/18
  4687 | D:5      | Found an iron altar of Okawaru.
  4796 | D:5      | Found a shimmering altar of Xom.
  5105 | D:6      | Killed an unseen horror
  5105 | D:6      | Reached skill level 12 in Dodging
  5105 | D:6      | Reached skill level 5 in Air Magic
  5105 | D:6      | Reached skill level 5 in Poison Magic
  5280 | D:6      | Found a staircase to the Orcish Mines.
  5616 | D:6      | Killed an unseen horror
  5901 | D:6      | Killed an unseen horror
  5937 | D:6      | Noticed a manticore
  5946 | D:6      | Killed an unseen horror
  5958 | D:6      | Killed a manticore
  5959 | D:6      | Found a radiant altar of Vehumet.
  6000 | D:6      | Reached XP level 12. HP: 68/88 MP: 16/21
  6050 | D:6      | Bought an ichor-stained shortbow {freeze} for 240 gold
                  | pieces
  6050 | D:6      | Identified the +7 shortbow of Mots {freeze, Dex+2} (You
                  | bought it in a shop on level 6 of the Dungeon)
  6377 | D:7      | Killed an unseen horror
  6377 | D:7      | Reached skill level 1 in Translocations
  6390 | D:7      | Reached skill level 13 in Dodging
  6551 | D:6      | Killed from afar by a gargoyle

Levels and vault maps discovered:
D:1:      shiori_arrival_whats_in_store_for_you, layout_basic
D:2:      layout_sewer, zin_academy, lemuel_doored_altar, serial_undead,
          serial_undead_e, serial_undead_a, serial_undead_f, serial_undead_d,
          serial_undead_c, serial_undead_f, serial_undead_e, first_ration
D:3:      layout_cave_pools, grunt_qazlal_clouds, ebering_ghost_sewer_d
D:4:      layout_roguey, minmay_temple_entry_large_hall, hangedman_fish_farm
D:5:      layout_stronghold, grunt_dithmenos_shadows,
          bcadren_lemuel_inverted_doored_altar, lair_entry_dummy, serial_shops,
          shop_statue, basic_altar, uniq_joseph
D:6:      layout_roguey, nicolae_overflow_hidden_temple
D:7:      layout_loops_ring, david_vaults_5, minmay_misc_feat_secret_circle
Temple:   eino_temple_rhombus

Skill      XL: |  1  2  3  4  5  6  7  8  9 10 11 12 |
---------------+-------------------------------------+-----
Fighting       | 2 3 4 5 7 8 9 10 | 10.4
Dodging        | 5 6 7 8 9 10 11 12 13 | 13.1
Spellcasting   | 3 5 7 8 9 |  9.5
Fire Magic     | 5 6 |  6.4
Air Magic      | 3 6 |  6.7
Poison Magic   | 3 6 |  6.6
Translocations | 3 |  3.4
Short Blades   | |  2.6
Stealth        | |  2.6
Invocations    | |  4.0

Action                   |  1- 3 |  4- 6 |  7- 9 | 10-12 || total
-------------------------+-------+-------+-------+-------++-------
Melee: Rapier            |    50 |   158 |   335 |   311 ||   854
       Short sword       |    35 |   122 |   240 |   258 ||   655
       Unarmed           |     2 |       |       |       ||     2
       Dagger            |       |       |    17 |       ||    17
 Fire: Hand crossbow     |       |       |    11 |     6 ||    17
 Cast: Flame Tongue      |       |       |     4 |     3 ||     7
       Mephitic Cloud    |       |       |       |    28 ||    28
       Blink             |       |       |       |     6 ||     6
       Conjure Flame     |       |       |       |    16 ||    16
Invok: Call Merchant     |       |       |       |     2 ||     2
Evoke: Lightning rod     |       |       |       |     8 ||     8
       Wand              |       |       |       |     2 ||     2
  Use: Scroll            |       |     2 |     9 |     1 ||    12
       Potion            |       |       |       |     2 ||     2
 Stab: Sleeping          |     1 |     4 |       |     1 ||     6
       Confused          |       |       |       |     8 ||     8
       Held in net/web   |       |       |       |     2 ||     2
  Eat: Chunk             |       |     3 |     8 |       ||    11
       Ration            |       |       |       |     6 ||     6
Armor: Leather armour    |    17 |    55 |   106 |   134 ||   312
Dodge: Dodged            |    61 |   209 |   358 |   278 ||   906
